 Dungeon Crawl Stone Soup version 0.26-a0-146-g24f6d3962c (webtiles) character file.

Game seed: 5042677826283881106

406 Ducaba the Caller (level 6, -2/44 HPs)
             Began as a Gnoll Summoner on June 29, 2020.
             Splashed by Ijyb's acid (12 damage)
             ... on level 3 of the Dungeon.
             The game lasted 00:12:34 (4258 turns).

Ducaba the Caller (Gnoll Summoner)                  Turns: 4258, Time: 00:12:35

Health: -2/44      AC:  1    Str: 10    XL:     6   Next: 87%
Magic:  12/14      EV: 15    Int: 19    God:
Gold:   195        SH:  0    Dex: 16    Spells: 9/15 levels left

rFire    . . .     SeeInvis .   q - +0 scythe
rCold    . . .     Faith    .   (shield currently unavailable)
rNeg     . . .     Spirit   .   a - +0 robe
rPois    .         Reflect  .   (no helmet)
rElec    .         Harm     .   (no cloak)
rCorr    .                      j - +2 pair of gloves
MR       .....                  (no boots)
Stlth    +++.......             (no amulet)
HPRegen  0.14/turn              (no ring)
MPRegen  0.14/turn              (no ring)

@: corroded
A: distributed training, fangs 1, strong nose
a: no special abilities


You were on level 3 of the Dungeon.
You were not hungry.

You visited 1 branch of the dungeon, and saw 6 of its levels.

You collected 195 gold pieces.

Inventory:

Hand Weapons
 n - a +3 rapier
 q - a +0 scythe (weapon)
Missiles
 b - 159 stones (quivered)
Armour
 a - a +0 robe (worn)
 j - a +2 pair of gloves (worn)
Scrolls
 f - 3 scrolls of teleportation {unknown}
 g - 6 scrolls of identify {unknown}
 i - 2 scrolls of enchant weapon {unknown}
 k - 2 scrolls of blinking {unknown}
 p - a scroll of noise {unknown}
 s - 4 scrolls of remove curse {unknown}
 t - a scroll of amnesia {unknown}
 v - a scroll of magic mapping {unknown}
 w - a scroll of random uselessness {unknown}
Potions
 d - 2 potions of heal wounds {unknown}
 e - 3 potions of might {unknown}
 l - a potion of haste {unknown}
 m - a potion of curing {unknown}
 o - a potion of cancellation {unknown}
 r - 2 potions of degeneration {unknown}
 u - a potion of lignification {unknown}
Comestibles
 c - 7 rations
 h - a chunk of flesh


   Skills:
 + Level 2.1 Fighting
 + Level 2.1 Short Blades
 + Level 2.1 Long Blades
 + Level 2.1 Axes
 + Level 2.1 Maces & Flails
 + Level 2.1 Polearms
 + Level 2.1 Staves
 + Level 2.1 Slings
 + Level 2.1 Bows
 + Level 2.1 Crossbows
 + Level 2.1 Throwing
 + Level 2.1 Armour
 + Level 5.0 Dodging
 + Level 4.7 Stealth
 + Level 2.1 Shields
 + Level 2.1 Unarmed Combat
 + Level 5.4 Spellcasting
 + Level 1.6 Conjurations
 + Level 1.6 Hexes
 + Level 1.6 Charms
 + Level 7.3 Summonings
 + Level 1.6 Necromancy
 + Level 1.6 Translocations
 + Level 1.6 Transmutations
 + Level 1.6 Fire Magic
 + Level 1.6 Ice Magic
 + Level 1.6 Air Magic
 + Level 1.6 Earth Magic
 + Level 1.6 Poison Magic
 + Level 2.3 Invocations
 + Level 2.1 Evocations


You had 9 spell levels left.
You knew the following spells:

 Your Spells              Type           Power        Failure   Level  Hunger
a - Summon Small Mammal   Summ           ####         1%          1    None
b - Call Imp              Summ           ####....     1%          2    None
c - Call Canine Familiar  Summ           ####....     1%          3    ##.....

Your spell library contained the following spells:

 Spells                   Type           Power        Failure   Level  Hunger
 Summon Guardian Golem    Hex/Summ       ###.....     5%          3    ##.....
 Summon Ice Beast         Ice/Summ       ###.....     19%         4    ####...
 Summon Lightning Spire   Summ/Air       ###.....     19%         4    ####...


Dungeon Overview and Level Annotations

Branches:
Dungeon (6/15)             Temple (0/1) D:6

Altars:
Elyvilon
Ru
Uskayaw
Wu Jian
Xom

Annotations:
D:3 Ijyb
D:4 3 runed translucent doors, Menkaure; bmj180's ghost, amateur DrCj
D:5 Blork the orc, Eustachio


Innate Abilities, Weirdness & Mutations

Your experience applies equally to all skills.
You have very sharp teeth.
Your uncanny sense of smell can sniff out nearby items.


Message History

Things that are here:
a +0 club; a bat corpse; a hobgoblin corpse The ball python hisses angrily.
Casting: Call Imp (safe; 1% risk of failure)
Confirm with . or Enter, or press ? or * to list all spells.
Ijyb closely misses you.
Unknown command.
You see here a sedimented brown potion.
Ijyb barely misses your quokka.
Casting: Summon Small Mammal (safe; 1% risk of failure)
Confirm with . or Enter, or press ? or * to list all spells.
Your quokka barely misses Ijyb.
Ijyb zaps a wand.
The bolt of acid hits your quokka!
Your quokka is splashed with acid.
The acid corrodes your quokka!
Your quokka dies!
Your quokka's corpse disappears in a puff of smoke!
The bolt of acid hits you!
* * * LOW HITPOINT WARNING * * *
The acid corrodes you!
You are splashed with acid!
You die...

..# #.# #.# #.# #.# #
# ###.###############
#.#>.................
#.#.#################
#...@.# # ###ยง#.# #
#g#r# ##### #b#.#
#.... #.....#
#######.##. #.#......
...........
#.##S................
# ........#####....
....... #####


You could see Ijyb, a bat and a friendly quokka (summoned).

Vanquished Creatures
  3 hounds
  Jessica (D:3)
  2 worker ants (D:4)
  A worker ant zombie (D:4)
  5 adders
  An ooze (D:4)
  A worm (D:4)
  2 dart slugs
  3 leopard geckos
  3 orcs (D:4)
  A ball python (D:3)
  3 giant cockroaches
  2 goblins
  4 hobgoblins
  2 jackals (D:3)
  2 quokkas (D:2)
  4 bats
  A frilled lizard (D:1)
  5 kobolds
  A leopard gecko skeleton (D:4)
  6 rats
53 creatures vanquished.

Vanquished Creatures (collateral kills)
  Sigmund (D:3)
  A worker ant (D:4)
  2 adders
  2 worms
  A dart slug (D:3)
  4 orcs
  3 goblins
  2 hobgoblins
  6 jackals
  2 quokkas (D:4)
  A bat (D:1)
  A frilled lizard (D:1)
  7 kobolds
  3 rats
36 creatures vanquished.

Vanquished Creatures (others)
  A bat (D:3)
1 creature vanquished.

Grand Total: 90 creatures vanquished

Notes
Turn   | Place    | Note
-------+----------+-------------------------------------------
     0 | D:1      | Ducaba the Gnoll Summoner began the quest for the Orb.
     0 | D:1      | Reached XP level 1. HP: 13/13 MP: 6/6
   522 | D:1      | Reached XP level 2. HP: 19/19 MP: 3/7
  1346 | D:2      | Reached XP level 3. HP: 23/25 MP: 9/9
  1387 | D:2      | Reached skill level 5 in Spellcasting
  1503 | D:2      | Reached skill level 1 in Invocations
  1878 | D:2      | Reached skill level 1 in Fighting
  1878 | D:2      | Reached skill level 1 in Short Blades
  1878 | D:2      | Reached skill level 1 in Long Blades
  1878 | D:2      | Reached skill level 1 in Axes
  1878 | D:2      | Reached skill level 1 in Maces & Flails
  1878 | D:2      | Reached skill level 1 in Polearms
  1878 | D:2      | Reached skill level 1 in Staves
  1878 | D:2      | Reached skill level 1 in Slings
  1878 | D:2      | Reached skill level 1 in Bows
  1878 | D:2      | Reached skill level 1 in Crossbows
  1878 | D:2      | Reached skill level 1 in Throwing
  1878 | D:2      | Reached skill level 1 in Armour
  1878 | D:2      | Reached skill level 1 in Shields
  1878 | D:2      | Reached skill level 1 in Unarmed Combat
  1878 | D:2      | Reached skill level 1 in Evocations
  1979 | D:2      | Reached XP level 4. HP: 32/32 MP: 11/11
  2354 | D:3      | Noticed Sigmund
  2358 | D:3      | Learned a level 2 spell: Call Imp
  2363 | D:3      | Learned a level 3 spell: Call Canine Familiar
  2391 | D:3      | Killed Sigmund
  2391 | D:3      | Reached skill level 1 in Conjurations
  2391 | D:3      | Reached skill level 1 in Hexes
  2391 | D:3      | Reached skill level 1 in Charms
  2391 | D:3      | Reached skill level 1 in Necromancy
  2391 | D:3      | Reached skill level 1 in Translocations
  2391 | D:3      | Reached skill level 1 in Transmutations
  2391 | D:3      | Reached skill level 1 in Fire Magic
  2391 | D:3      | Reached skill level 1 in Ice Magic
  2391 | D:3      | Reached skill level 1 in Air Magic
  2391 | D:3      | Reached skill level 1 in Earth Magic
  2391 | D:3      | Reached skill level 1 in Poison Magic
  2391 | D:3      | Reached XP level 5. HP: 8/37 MP: 4/12
  2690 | D:3      | Noticed Jessica
  2699 | D:3      | Killed Jessica
  2803 | D:3      | You fall into a shaft and drop 3 floors!
  2803 | D:6      | Found a staircase to the Ecumenical Temple.
  2816 | D:5      | Entered Level 5 of the Dungeon
  2830 | D:5      | Found a shimmering altar of Xom.
  2836 | D:5      | Found a hide-covered altar of Uskayaw.
  2836 | D:5      | Found a white marble altar of Elyvilon.
  2836 | D:5      | Found an ornate altar of the Wu Jian Council.
  2840 | D:5      | Found a sacrificial altar of Ru.
  2853 | D:5      | Noticed Eustachio
  2877 | D:5      | Reached XP level 6. HP: 32/44 MP: 13/13
  2968 | D:5      | Noticed Blork the orc
  3508 | D:4      | Reached skill level 5 in Dodging
  3599 | D:4      | Noticed bmj180's ghost (amateur DrCj)
  3656 | D:4      | Found a runed translucent gate.
  3656 | D:4      | Found a runed translucent gate.
  3656 | D:4      | Found a runed translucent gate.
  3910 | D:4      | Noticed Menkaure
  4250 | D:3      | Noticed Ijyb
  4258 | D:3      | Splashed by Ijyb's acid

Illustrated notes

Levels and vault maps discovered:
D:1:      dpeg_arrival_pond, layout_rooms, minmay_misc_feat_plants,
          chequers_serial_rivers_small_b, lemuel_another_geyser
D:2:      layout_basic, chequers_serial_rivers_micro_a,
          kennysheep_generic_room_16
D:3:      layout_basic, uniq_jessica, uniq_sigmund, uniq_ijyb
D:4:      minmay_chambers_of_fours, layout_basic, lightli_temple_of_fire,
          nicolae_overflow_crystal_walls, kennysheep_mini_moat,
          gammafunk_ghost_icy, kennysheep_small_circle, uniq_menkaure
D:5:      layout_cave_pools, minitemple, basic_altar, serial_column_ruins,
          column_ruins_hut, column_ruins_open_tiny,
          column_ruins_columns_straight, column_ruins_open_small,
          column_ruins_open_tiny, column_ruins_grid_1, column_ruins_grid_1,
          first_ration, serial_bayou_ford_a, uniq_blork_the_orc, uniq_eustachio,
          uniq_duvessa
D:6:      layout_basic, minmay_temple_entry_stoned_glass, serial_shops,
          kennysheep_mini, basic_altar, uniq_grinder

Skill      XL: |  1  2  3  4  5  6 |
---------------+-------------------+-----
Spellcasting   | 5 |  5.4
Invocations    | 1 2 |  2.3
Fighting       | 1 2 |  2.1
Short Blades   | 1 2 |  2.1
Long Blades    | 1 2 |  2.1
Axes           | 1 2 |  2.1
Maces & Flails | 1 2 |  2.1
Polearms       | 1 2 |  2.1
Staves         | 1 2 |  2.1
Slings         | 1 2 |  2.1
Bows           | 1 2 |  2.1
Crossbows      | 1 2 |  2.1
Throwing       | 1 2 |  2.1
Armour         | 1 2 |  2.1
Shields        | 1 2 |  2.1
Unarmed Combat | 1 2 |  2.1
Evocations     | 1 2 |  2.1
Conjurations   | 1 |  1.6
Hexes          | 1 |  1.6
Charms         | 1 |  1.6
Necromancy     | 1 |  1.6
Translocations | 1 |  1.6
Transmutations | 1 |  1.6
Fire Magic     | 1 |  1.6
Ice Magic      | 1 |  1.6
Air Magic      | 1 |  1.6
Earth Magic    | 1 |  1.6
Poison Magic   | 1 |  1.6
Dodging        | 5 |  5.0
Stealth        | |  4.7
Summonings     | |  7.3

Action                   |  1- 3 |  4- 6 || total
-------------------------+-------+-------++-------
Melee: Whip              |    24 |       ||    24
       Rapier            |    24 |    12 ||    36
       Bite              |     3 |     6 ||     9
       Scythe            |       |   100 ||   100
Throw: Stone             |     3 |       ||     3
 Cast: Summon Small Mamm |    49 |    22 ||    71
       Call Imp          |       |    16 ||    16
       Call Canine Famil |       |     4 ||     4
 Stab: Sleeping          |     3 |     5 ||     8
  Eat: Chunk             |     3 |     8 ||    11
Armor: Robe              |     7 |    32 ||    39
Dodge: Dodged            |    42 |   141 ||   183

Table legend:
 A = Non-vault XP
 B = Vault XP
 C = Vault XP percentage of total XP
 D = Non-vault monster count
 E = Vault monster count
 F = Vault count percentage of total count
                 A         B        C        D         E       F
            +---------+---------+-------+---------+---------+-------
      Total |     330 |     250 |  43.1 |      80 |       9 |  10.1
            +---------+---------+-------+---------+---------+-------
        D:1 |      20 |       0 |   0.0 |      17 |       0 |   0.0
        D:2 |      63 |       2 |   3.1 |      20 |       2 |   9.1
        D:3 |      57 |     151 |  72.6 |      24 |       2 |   7.7
        D:4 |     146 |      97 |  39.9 |      17 |       5 |  22.7
        D:5 |      42 |       0 |   0.0 |       1 |       0 |   0.0
        D:6 |       2 |       0 |   0.0 |       1 |       0 |   0.0
            +---------+---------+-------+---------+---------+-------
